 Dungeon Crawl Stone Soup version 0.31-a0-217-g58bb5d79cf (webtiles) character file.

Game seed: 4121402606091296631

136017 qw the Severer (level 17, -6/112 HPs)
             Began as a Gargoyle Fighter on July 2, 2023.
             Was an Elder of Okawaru.
             Killed by divine providence
             ... invoked by a smoke demon
             ... summoned by an orc sorcerer
             ... led by Saint Roka
              (11 damage)
             ... on level 2 of the Orcish Mines.
             The game lasted 00:13:18 (22558 turns).

qw the Severer (Gargoyle Fighter)                  Turns: 22558, Time: 00:13:19

Health: -6/112     AC: 39    Str: 26    XL:     17   Next: 20%
Magic:  23/24      EV: 13    Int: 18    God:    Okawaru [****..]
Gold:   706        SH: 14    Dex: 13    Spells: 16/16 levels left

rFire   + . .        n - +3 war axe (spect)
rCold   + . .        l - +0 kite shield
rNeg    + + .        s - +7 chain mail of Privacy {Int+3 SInv}
rPois   inf          (no helmet)
rElec   +            o - scarf "Buchiano" {repulsion, Rampage rF+ Regen+}
rCorr   .            c - +1 pair of gloves of Okawaru's Grace {Fly Int+4 Dex-2 Stlth+}
SInv    +            r - +1 pair of boots of the Zebra {rC+}
Will    +....        f - amulet of faith
Stlth   +            j - +6 ring of dexterity
HPRegen 1.18/turn    u - ring of positive energy
MPRegen 0.19/turn

%: repel missiles, rampage, faith
@: heroic, flying
A: sickness immunity, AC +12, big wings, negative energy resistance 1,
electricity resistance, torment resistance 1, petrification resistance, talons
1, subdued magic 1
a: Renounce Religion, Heroism, Finesse


You were on level 2 of the Orcish Mines.
You worshipped Okawaru.
Okawaru was greatly pleased with you.
You visited 4 branches of the dungeon, and saw 23 of its levels.

You collected 2388 gold pieces.
You spent 1682 gold pieces at shops.


Innate Abilities, Weirdness & Mutations

You are immune to sickness and miasma.
Your stone body is resilient. (AC +12)
You are immune to poison.
Your large and strong wings let you fly.
You resist negative energy. (rN+)
You are resistant to electric shocks. (rElec)
You are resistant to unholy torment.
You are immune to petrification.
You have sharp toenails.
Your spells are a little easier to cast, but a little less powerful.


   Skills:
 + Level 14.6(19.6) Fighting
 - Level 16.0(21.0) Axes
 - Level 5.8(10.8) Throwing
 - Level 12.0(17.0) Armour
 - Level 5.0(10.0) Dodging
 - Level 14.0(19.0) Shields
 - Level 10.0 Invocations


You had 16 spell levels left.
You didn't know any spells.
Your spell library was empty.

Inventory:

Hand Weapons
 n - a +3 spectral war axe (weapon)
 x - a +2 morningstar
 y - the +2 war axe "Qyushifu" {heavy, rF+ Str+4 Stlth-}
   (Okawaru gifted it to you on level 15 of the Dungeon)

   Str:       It affects your strength (+4).
   rF:        It protects you from fire.
   Stlth:     It makes you less stealthy.
 B - a +0 broad axe
Missiles
 e - 4 boomerangs (quivered)
Armour
 c - the +1 pair of gloves of Okawaru's Grace (worn) {Fly Int+4 Dex-2 Stlth+}
   (Okawaru gifted it to you on level 4 of the Lair of Beasts)

   Int:       It affects your intelligence (+4).
   Dex:       It affects your dexterity (-2).
   Fly:       It grants you flight.
   Stlth:     It makes you more stealthy.
 l - a +0 kite shield (worn)
 o - the scarf "Buchiano" (worn) {repulsion, Rampage rF+ Regen+}
   (Okawaru gifted it to you on level 2 of the Lair of Beasts)

   rF:        It protects you from fire.
   Regen:     It increases your rate of health regeneration.
   Rampage:   It bestows one free step when moving towards enemies.
 r - the +1 pair of boots of the Zebra (worn) {rC+}
   (You found it on level 6 of the Dungeon)

   rC:        It protects you from cold.
 s - the +7 chain mail of Privacy (worn) {Int+3 SInv}
   (Okawaru gifted it to you on level 15 of the Dungeon)

   Int:       It affects your intelligence (+3).
   SInv:      It lets you see invisible.
Jewellery
 b - a ring of fire
 f - an amulet of faith (around neck)
 j - a +6 ring of dexterity (left hand)
 q - an amulet of regeneration
 u - a ring of positive energy (right hand)
 A - a +6 ring of strength
 E - the ring "Neashrol" {Wiz rF+++ rC- SInv}
   (You bought it in a shop on level 2 of the Orcish Mines)

   [ring of wizardry]

   It improves your spell success rate.
   rF:        It renders you almost immune to fire.
   rC:        It makes you vulnerable to cold.
   SInv:      It lets you see invisible.
 F - a ring of resist corrosion
 G - a ring of see invisible
Wands
 h - a wand of digging (7)
Scrolls
 k - 3 scrolls of teleportation
 p - 2 scrolls of identify
Potions
 a - 3 potions of lignification
 d - 2 potions of might
 g - 2 potions of magic
 i - a potion of resistance
 m - 3 potions of enlightenment
 t - 3 potions of heal wounds
 v - 5 potions of curing
 w - a potion of haste
 C - a potion of mutation
 D - 2 potions of attraction

Dungeon Overview and Level Annotations

Branches:
Dungeon (15/15)            Temple (1/1) D:5            Lair (5/5) D:9
 Shoals (0/4) Lair:3       Spider (0/4) Lair:3        Slime (0/5) Lair:5
    Orc (2/2) D:9             Elf (0/3) Orc:2        Vaults (0/5) D:13
 Depths (0/4) D:15

Altars:
Ashenzari
Cheibriados
Dithmenos
Elyvilon
Fedhas
Gozag
Hepliaklqana
Kikubaaqudgha
Makhleb
Nemelex Xobeh
Okawaru
Qazlal
Ru
Sif Muna
Trog
Uskayaw
Vehumet
Wu Jian
Xom
Yredelemnul
Zin
The Shining One
Jiyva

Shops:
D:5 :   D:10 *   Orc:1 *   Orc:2 =:

Annotations:
D:5 1 transporter, qw's ghost, amateur GrHs
D:6 2 transporters
D:15 3 runed translucent doors, Uwkoecio's ghost, journeyman HOFi
Lair:2 1 runed translucent door
Lair:5 3 runed translucent doors, Snorg
Orc:2 Saint Roka


Message History

Beogh smites you!
The orc sorcerer mumbles some strange words.
You closely miss the orc warrior.
The orc warrior is severely wounded.
You slash the smoke demon! You hit the orc warrior.
Your +3 spectral war axe barely misses the orc warrior.
Your +3 spectral war axe hits the orc warrior.
Your +3 spectral war axe closely misses the orc warrior.
Your +3 spectral war axe barely misses the orc sorcerer.
Your +3 spectral war axe hits the orc warrior. x2
Your +3 spectral war axe barely misses the orc warrior.
Your +3 spectral war axe hits the orc sorcerer.
Your +3 spectral war axe hits the smoke demon!
Your +3 spectral war axe hits the orc warrior but does no damage.
Your +3 spectral war axe hits the orc wizard!
You kill the orc wizard!
Okawaru accepts your kill.
You barely miss the smoke demon.
The smoke demon is heavily wounded.
You slash the orc warrior! x2
You kill the orc warrior!
Okawaru accepts your kill.
Your +3 spectral war axe barely misses the smoke demon.
Your +3 spectral war axe hits the orc warrior but does no damage.
Your +3 spectral war axe closely misses the orc warrior.
Your +3 spectral war axe barely misses the smoke demon.
An orc wizard comes into view. It is wielding a +0 dagger.
The orc throws a boomerang.
The boomerang hits your +3 spectral war axe but does no damage.
An orc high priest comes into view. It is wielding a +0 halberd.
You block the orc warrior's attack.
The orc warrior hits your +3 spectral war axe with a +0 war axe!
Your spectral weapon shares its damage with you!
The orc warrior hits you with a +0 war axe!
The orc priest invokes the aid of Beogh against you.
Beogh smites you!
The orc warrior hits you from afar with a +0 trident.
The smoke demon gestures at you. Something smites you!
You die... #..# #..# #.## #..o# ##.# #.# #.oo#. #.# #.# oooo4

#.# #.# #oo3# #.#
#.#####o8o# #.#
#.#...#ooo# #.#
#.#..oo3o.+ #.#
#.# #(@)# #.# #.#
##.).## #.# #.##
#8...8# ##.#
#..###.....###..#
##...##))'##...##
###.........###
###.8)8.###
##...## #...####


You could see Saint Roka, a soul eater (summoned), an orc high priest (strong),
a smoke demon (summoned), a chaos spawn (summoned), an orc sorcerer (strong), 5
orc warriors, 2 orc priests, 2 orc wizards, 5 orcs and a friendly +3 spectral
war axe.

Vanquished Creatures
  Azrael (D:12)
  Josephine (Lair:4)
  An ettin (Orc:1)
  Fannar (Orc:1)
  A rakshasa (D:13)
  Erolcha (D:12)
  6 hydras
  An ogre mage (D:15)
  4 vault guards (D:13)
  6 two-headed ogres
  A death knight (D:14)
  Erica (D:11)
  8 boulder beetles
  A catoblepas (Lair:5)
  A death yak (Lair:2)
  A tengu warrior (D:13)
  An orc high priest (Orc:1)
  4 centaur warriors
  Sonja (Lair:5)
  3 skysharks
  9 skeletal warriors
  4 spriggan simulacra (D:15)
  A steelbarb worm (shapeshifter) (D:13)
  Pikel (D:8)
  2 orc knights
  A lindwurm (Lair:5)
  A necromancer (D:15)
  31 ugly things
  3 orc sorcerers
  8 cyclopes
  2 manticores (D:14)
  3 deep elf pyromancers
  7 elephants (Lair:5)
  8 black mambas
  A naga mage (D:15)
  2 molten gargoyles (Lair:5)
  10 cane toads
  2 torpor snails
  3 centaur skeletons (D:15)
  A gargoyle (D:12)
  An unseen horror (D:12)
  2 rime drakes
  A kobold demonologist (D:10)
  An anaconda simulacrum (D:15)
  2 efreet
  3 freezing wraiths (D:14)
  13 komodo dragons
  5 trolls
  7 meliai
  A queen bee (D:9)
  Grinder (D:4)
  A polar bear (Lair:1)
  A hornet (D:7)
  7 dream sheep
  14 blink frogs
  8 slime creatures
  Sigmund (D:6)
  A dire elephant simulacrum (D:15)
  7 wraiths
  4 vampires
  44 yaks
  4 water elementals (D:12)
  10 wyverns
  A minotaur simulacrum (D:15)
  A redback (Lair:3)
  6 basilisks
  3 fire elementals (D:12)
  A human (shapeshifter) (D:15)
  15 vampire mosquitoes
  4 steam dragons
  2 wargs (Orc:2)
  2 acid dragons
  10 water moccasins
  9 hell hounds
  A hornet zombie (D:15)
  30 orc warriors
  3 ice beasts (D:6)
  2 black bears
  6 ogres
  4 lemures (D:8)
  18 wolves
  8 centaurs
  3 phantoms
  14 bullfrogs
  A gnoll sergeant (D:8)
  A deep troll simulacrum (D:15)
  4 scorpions
  19 wights
  34 killer bees
  A troll zombie (D:9)
  2 howler monkeys (D:13)
  4 lava snakes (Lair:5)
  13 orc priests
  7 hounds
  3 jellies
  5 gnoll boudas
  6 iguanas
  31 orc wizards
  7 ogre zombies (D:9)
  6 adders
  23 gnolls
  A shadow imp (D:7)
  A white imp (D:6)
  4 ufetubi
  2 worms (D:2)
  3 dart slugs
  82 orcs
  7 ball pythons
  4 bats
  6 endoplasms
  6 giant cockroaches
  3 goblins
  3 hobgoblins
  3 quokkas
  3 frilled lizards
  7 goblin zombies (D:9)
  A hobgoblin skeleton (D:9)
  4 hobgoblin zombies (D:9)
  8 kobolds
  An orc skeleton (D:9)
  12 orc zombies (D:9)
  2 rats (D:1)
  4 butterflies (D:15)
761 creatures vanquished.

Vanquished Creatures (others)
  An unseen horror (D:12)
  15 spectral weapons
16 creatures vanquished.

Grand Total: 777 creatures vanquished

Notes
Turn   | Place    | Note
-------+----------+-------------------------------------------
     0 | D:1      | qw the Gargoyle Fighter began the quest for the Orb.
     0 | D:1      | Reached XP level 1. HP: 14/14 MP: 1/1
     0 | D:1      | 0 ||| qw: Version: 0.3-a-40-ge99b1a8
     0 | D:1      | 0 ||| qw: Game counter: 253
     0 | D:1      | 0 ||| qw: Melee chars always use a shield: true
     0 | D:1      | 0 ||| qw: God list: Okawaru
     0 | D:1      | 0 ||| qw: Allow faded altars: false
     0 | D:1      | 0 ||| qw: Do Orc after clearing Dungeon:15 true
     0 | D:1      | 0 ||| qw: Do second Lair branch before Depths: true
     0 | D:1      | 0 ||| qw: Lair rune preference: random
     0 | D:1      | 0 ||| qw: Goals: Normal, Zot:1-4, Slime:5, God:TSO, Crypt,
                  | Tomb, Abyss, Pan, Hells, Win
     0 | D:1      | 0 ||| PLANNING D:1-11
    49 | D:1      | Reached skill level 2 in Axes
   110 | D:1      | Reached XP level 2. HP: 19/19 MP: 2/2
   396 | D:1      | Reached skill level 3 in Axes
   444 | D:1      | Reached XP level 3. HP: 22/23 MP: 3/3
   701 | D:1      | 701 ||| UPGRADING to +6 ring of dexterity.
   702 | D:1      | 702 ||| READING scroll labelled LYIDWAHAIB.
   705 | D:1      | 705 ||| DRINKING 2 bubbling emerald potions.
   797 | D:2      | 797 ||| Stepping ~*~*~tactically~*~*~ (hiding).
  1103 | D:2      | 1103 ||| Stepping ~*~*~tactically~*~*~ (stealth).
  1171 | D:2      | Reached skill level 1 in Dodging
  1449 | D:2      | 1449 ||| Stepping ~*~*~tactically~*~*~ (hiding).
  1450 | D:2      | 1450 ||| Stepping ~*~*~tactically~*~*~ (hiding).
  1451 | D:2      | 1451 ||| Stepping ~*~*~tactically~*~*~ (hiding).
  1452 | D:2      | 1452 ||| Stepping ~*~*~tactically~*~*~ (hiding).
  1453 | D:2      | 1453 ||| Stepping ~*~*~tactically~*~*~ (hiding).
  1584 | D:2      | 1584 ||| UPGRADING to +1 pair of boots.
  1589 | D:2      | 1589 ||| DROPPING ring of wizardry.
  1590 | D:2      | 1590 ||| READING scroll labelled NAFUVE OTIUNI.
  1591 | D:2      | 1591 ||| READING scroll labelled JETINA DIESCH.
  1592 | D:2      | 1592 ||| READING scroll labelled COEDEMN MEQOI.
  1593 | D:2      | 1593 ||| READING scroll labelled CIUZUHI GOTU.
  1920 | D:3      | 1920 ||| Stepping ~*~*~tactically~*~*~ (hiding).
  2184 | D:3      | Reached XP level 4. HP: 28/28 MP: 4/4
  2372 | D:3      | 2372 ||| Stepping ~*~*~tactically~*~*~ (hiding).
  2387 | D:3      | Reached skill level 4 in Axes
  2408 | D:3      | Reached XP level 5. HP: 29/32 MP: 5/5
  2408 | D:3      | 2408 ||| DRINKING potion of curing.
  2408 | D:3      | 2408 ||| (to cure confusion)
  2457 | D:3      | 2457 ||| DROPPING +0 whip of draining.
  2458 | D:3      | 2458 ||| DROPPING +0 club.
  2742 | D:3      | 2742 ||| Stepping ~*~*~tactically~*~*~ (hiding).
  3015 | D:3      | 3015 ||| UPGRADING to +0 chain mail.
  3025 | D:3      | 3025 ||| DROPPING +0 scale mail.
  3026 | D:3      | 3026 ||| UPGRADING to +0 kite shield.
  3036 | D:3      | 3036 ||| DROPPING +0 buckler.
  3037 | D:3      | 3037 ||| UPGRADING to amulet of faith.
  3042 | D:3      | 3042 ||| READING scroll labelled JOCO FILLUP.
  3043 | D:3      | 3043 ||| READING scroll labelled MENGESKIWN.
  3245 | D:4      | 3245 ||| READING scroll of enchant weapon.
  3245 | D:4      | 3245 ||| ENCHANTING +1 war axe.
  3383 | D:4      | 3383 ||| Stepping ~*~*~tactically~*~*~ (hiding).
  3394 | D:4      | 3394 ||| Stepping ~*~*~tactically~*~*~ (hiding).
  3558 | D:4      | Noticed Grinder
  3565 | D:4      | 3565 ||| FLEEEEING.
  3566 | D:4      | 3566 ||| FLEEEEING.
  3584 | D:4      | Paralysed by Grinder for 2 turns
  3587 | D:4      | Killed Grinder
  3588 | D:4      | Reached skill level 6 in Shields
  3588 | D:4      | Reached XP level 6. HP: 21/37 MP: 6/6
  3799 | D:4      | 3799 ||| UPGRADING to +0 cloak.
  3804 | D:4      | 3804 ||| READING scroll labelled BATOPT ROECRI.
  3825 | D:5      | Entered Level 5 of the Dungeon
  3840 | D:5      | Found a staircase to the Ecumenical Temple.
  3841 | D:5      | 3841 ||| PLANNING TEMPLE
  3841 | D:5      | Noticed a water moccasin
  3842 | D:5      | 3842 ||| Stepping ~*~*~tactically~*~*~ (stealth).
  3844 | D:5      | 3844 ||| Stepping ~*~*~tactically~*~*~ (stealth).
  3853 | D:5      | Reached skill level 5 in Axes
  3853 | D:5      | Reached XP level 7. HP: 37/41 MP: 7/7
  3909 | D:5      | 3909 ||| Stepping ~*~*~tactically~*~*~ (hiding).
  3924 | Temple   | Entered the Ecumenical Temple
  3967 | Temple   | 3967 ||| PLANNING OKAWARU WORSHIP
  4393 | Temple   | Became a worshipper of Warmaster Okawaru
  4394 | Temple   | 4394 ||| PLANNING D:1-11
  4419 | D:5      | Found Nympyovu's Book Boutique.
  4433 | D:5      | 4433 ||| FLEEEEING.
  4568 | D:5      | Reached skill level 6 in Axes
  4933 | D:5      | Found a transporter.
  4936 | D:5      | Noticed qw's ghost (amateur GrHs)
  4978 | D:5      | Reached * piety under Okawaru
  4979 | D:5      | Reached XP level 8. HP: 45/48 MP: 8/8
  5140 | D:5      | Noticed a wyvern
  5148 | D:5      | Reached skill level 1 in Invocations
  5151 | D:5      | 5151 ||| INVOKING Heroism.
  5152 | D:5      | 5152 ||| INVOKING Heroism.
  5154 | D:5      | Killed a wyvern
  5159 | D:5      | HP: 11/48 [iguana (6)]
  5160 | D:5      | 5160 ||| READING 3 scrolls of teleportation.
  5433 | D:5      | 5433 ||| READING scroll labelled TAMANG WUQOIST.
  5434 | D:5      | 5434 ||| DRINKING 2 viscous golden potions.
  5514 | D:6      | 5514 ||| INVOKING Heroism.
  5516 | D:6      | Reached skill level 7 in Axes
  5572 | D:6      | Reached skill level 3 in Invocations
  5587 | D:6      | Found a transporter.
  5602 | D:6      | Noticed a kobold demonologist
  5683 | D:6      | Reached ** piety under Okawaru
  5704 | D:6      | Found a transporter.
  5707 | D:6      | Noticed a fire crab
  5749 | D:6      | 5749 ||| INVOKING Heroism.
  5757 | D:6      | HP: 4/49 [steam dragon/ball of steam (10)]
  5758 | D:6      | 5758 ||| READING 3 scrolls of teleportation.
  5933 | D:6      | Found a radiant altar of Vehumet.
  6011 | D:6      | 6011 ||| INVOKING Heroism.
  6046 | D:6      | Identified the +1 pair of boots of the Zebra {rC+}
  6150 | D:6      | Reached XP level 9. HP: 54/54 MP: 12/12
  6162 | D:6      | 6162 ||| DROPPING +0 flail.
  6197 | D:6      | 6197 ||| Stepping ~*~*~tactically~*~*~ (hiding).
  6198 | D:6      | 6198 ||| Stepping ~*~*~tactically~*~*~ (hiding).
  6449 | D:6      | Noticed Sigmund
  6450 | D:6      | 6450 ||| INVOKING Heroism.
  6460 | D:6      | Killed Sigmund
  6461 | D:6      | Reached skill level 8 in Axes
  6494 | D:6      | 6494 ||| UPGRADING to +1 pair of boots of the Zebra {rC+}.
  6504 | D:6      | 6504 ||| DROPPING +1 pair of boots.
  6505 | D:6      | 6505 ||| READING scroll labelled LAOXYAJ CODO.
  6664 | D:7      | Found a shadowy altar of Dithmenos.
  6716 | D:7      | 6716 ||| Stepping ~*~*~tactically~*~*~ (stealth).
  6741 | D:7      | 6741 ||| Stepping ~*~*~tactically~*~*~ (stealth).
  6747 | D:7      | 6747 ||| Stepping ~*~*~tactically~*~*~ (stealth).
  6758 | D:7      | Noticed a troll
  6759 | D:7      | 6759 ||| INVOKING Heroism.
  6772 | D:7      | Killed a troll
  6783 | D:7      | 6783 ||| INVOKING Heroism.
  6791 | D:7      | Reached skill level 6 in Fighting
  6817 | D:7      | 6817 ||| INVOKING Heroism.
  6924 | D:7      | Identified the +10 glaive "Hell-Harrower" {heavy, MP+9}
  6926 | D:7      | 6926 ||| SWAPPING to +1 heavy war axe.
  7035 | D:7      | Identified the +1 ring mail "Solugg" {Harm Str-3 Int+3}
  7104 | D:7      | Reached *** piety under Okawaru
  7128 | D:7      | 7128 ||| Stepping ~*~*~tactically~*~*~ (stealth).
  7134 | D:7      | 7134 ||| Stepping ~*~*~tactically~*~*~ (hiding).
  7208 | D:7      | 7208 ||| INVOKING Heroism.
  7210 | D:7      | Reached XP level 10. HP: 61/61 MP: 10/13
  7218 | D:7      | Reached skill level 9 in Axes
  7295 | D:7      | 7295 ||| READING scroll of enchant weapon.
  7295 | D:7      | 7295 ||| ENCHANTING +1 heavy war axe.
  7296 | D:7      | 7296 ||| DROPPING +2 war axe.
  7305 | D:7      | Identified the +5 ring mail "Eviurch" {Rampage +Blink
                  | Str-2}
  7352 | D:7      | 7352 ||| Stepping ~*~*~tactically~*~*~ (stealth).
  7357 | D:7      | 7357 ||| Stepping ~*~*~tactically~*~*~ (stealth).
  7430 | D:7      | 7430 ||| INVOKING Heroism.
  7432 | D:7      | 7432 ||| Stepping ~*~*~tactically~*~*~ (hiding).
  7674 | D:7      | 7674 ||| Stepping ~*~*~tactically~*~*~ (hiding).
  7723 | D:7      | 7723 ||| INVOKING Heroism.
  7797 | D:7      | 7797 ||| INVOKING Heroism.
  8079 | D:7      | 8079 ||| DROPPING +3 ring mail of cold resistance.
  8080 | D:7      | 8080 ||| DROPPING +1 ring mail "Solugg" {Harm Str-3 Int+3}.
  8081 | D:7      | 8081 ||| DROPPING +5 ring mail "Eviurch" {Rampage +Blink
                  | Str-2}.
  8082 | D:7      | 8082 ||| READING 2 scrolls of identify.
  8082 | D:7      | 8082 ||| IDENTIFYING inky potion
  8102 | D:8      | 8102 ||| INVOKING Heroism.
  8189 | D:8      | 8189 ||| Stepping ~*~*~tactically~*~*~ (hiding).
  8192 | D:8      | 8192 ||| INVOKING Heroism.
  8241 | D:8      | 8241 ||| Stepping ~*~*~tactically~*~*~ (stealth).
  8252 | D:8      | Reached skill level 9 in Shields
  8322 | D:8      | 8322 ||| INVOKING Heroism.
  8326 | D:8      | 8326 ||| Stepping ~*~*~tactically~*~*~ (hiding).
  8372 | D:8      | 8372 ||| Stepping ~*~*~tactically~*~*~ (hiding).
  8382 | D:8      | 8382 ||| INVOKING Heroism.
  8470 | D:8      | Noticed Pikel
  8471 | D:8      | 8471 ||| Stepping ~*~*~tactically~*~*~ (stealth).
  8474 | D:8      | 8474 ||| Stepping ~*~*~tactically~*~*~ (stealth).
  8479 | D:8      | 8479 ||| Stepping ~*~*~tactically~*~*~ (stealth).
  8481 | D:8      | 8481 ||| Stepping ~*~*~tactically~*~*~ (stealth).
  8497 | D:8      | 8497 ||| INVOKING Heroism.
  8499 | D:8      | Killed Pikel
  8500 | D:8      | Reached skill level 10 in Axes
  8753 | D:8      | Reached **** piety under Okawaru
  9030 | D:8      | 9030 ||| UPGRADING to ring of positive energy.
  9031 | D:8      | 9031 ||| READING 4 scrolls of identify.
  9031 | D:8      | 9031 ||| IDENTIFYING pink potion
  9032 | D:8      | 9032 ||| READING 3 scrolls of identify.
  9032 | D:8      | 9032 ||| IDENTIFYING bubbling ruby potion
  9033 | D:8      | 9033 ||| READING 2 scrolls of identify.
  9033 | D:8      | 9033 ||| IDENTIFYING black potion
  9064 | D:9      | 9064 ||| Stepping ~*~*~tactically~*~*~ (stealth).
  9086 | D:9      | Reached XP level 11. HP: 60/68 MP: 14/14
  9096 | D:9      | 9096 ||| Stepping ~*~*~tactically~*~*~ (stealth).
  9097 | D:9      | 9097 ||| Stepping ~*~*~tactically~*~*~ (stealth).
  9143 | D:9      | 9143 ||| Stepping ~*~*~tactically~*~*~ (hiding).
  9161 | D:9      | 9161 ||| INVOKING Heroism.
  9167 | D:9      | Found a staircase to the Orcish Mines.
  9238 | D:9      | 9238 ||| DROPPING +0 morningstar.
  9292 | D:9      | Reached skill level 6 in Invocations
  9295 | D:9      | 9295 ||| INVOKING Heroism.
  9297 | D:9      | Reached skill level 1 in Throwing
  9327 | D:9      | 9327 ||| INVOKING Heroism.
  9433 | D:9      | 9433 ||| Stepping ~*~*~tactically~*~*~ (hiding).
  9434 | D:9      | 9434 ||| Stepping ~*~*~tactically~*~*~ (hiding).
  9435 | D:9      | 9435 ||| Stepping ~*~*~tactically~*~*~ (hiding).
  9471 | D:9      | Received a gift from Okawaru
  9537 | D:9      | 9537 ||| Stepping ~*~*~tactically~*~*~ (stealth).
  9544 | D:9      | Reached skill level 3 in Throwing
  9551 | D:9      | Reached ***** piety under Okawaru
  9617 | D:9      | 9617 ||| INVOKING Heroism.
  9760 | D:9      | 9760 ||| INVOKING Heroism.
  9784 | D:9      | Found a staircase to the Lair.
 10013 | D:9      | 10013 ||| PLANNING LAIR
 10013 | D:9      | 10013 ||| DROPPING +0 ring mail of cold resistance.
 10014 | D:9      | 10014 ||| READING scroll labelled ZIAC YNOLU.
 10015 | D:9      | 10015 ||| DRINKING 3 fuming blue potions.
 10015 | D:9      | Gained mutation: You occasionally lose the ability to drink
                  | potions when taking damage. [potion of mutation]
 10015 | D:9      | Gained mutation: You are frail. (-10% HP) [potion of
                  | mutation]
 10015 | D:9      | Gained mutation: You occasionally shout uncontrollably at
                  | your foes. [potion of mutation]
 10015 | D:9      | Gained mutation: Your flesh is heat resistant. (rF+)
                  | [potion of mutation]
 10016 | D:9      | 10016 ||| DRINKING 2 potions of mutation.
 10016 | D:9      | Lost mutation: You occasionally shout uncontrollably at
                  | your foes. [potion of mutation]
 10016 | D:9      | Lost mutation: You are frail. (-10% HP) [potion of
                  | mutation]
 10016 | D:9      | Gained mutation: You are clumsy. (Dex -2) [potion of
                  | mutation]
 10037 | D:9      | 10037 ||| DRINKING potion of mutation.
 10037 | D:9      | Lost mutation: You occasionally lose the ability to drink
                  | potions when taking damage. [potion of mutation]
 10037 | D:9      | Lost mutation: Your flesh is heat resistant. (rF+) [potion
                  | of mutation]
 10037 | D:9      | Lost mutation: You are clumsy. (Dex -2) [potion of
                  | mutation]
 10037 | D:9      | Gained mutation: You are occasionally teleported next to
                  | monsters. [potion of mutation]
 10037 | D:9      | Gained mutation: You are clumsy. (Dex -2) [potion of
                  | mutation]
 10058 | Lair:1   | Entered Level 1 of the Lair of Beasts
 10059 | Lair:1   | 10059 ||| PLANNING GAUNTLET
 10060 | Lair:1   | 10060 ||| INVOKING Heroism.
 10068 | Lair:1   | 10068 ||| Stepping ~*~*~tactically~*~*~ (water).
 10076 | Lair:1   | Reached skill level 11 in Axes
 10088 | Lair:1   | 10088 ||| INVOKING Heroism.
 10092 | Lair:1   | 10092 ||| FLEEEEING.
 10093 | Lair:1   | 10093 ||| STAIRDANCE
 10215 | Lair:1   | 10215 ||| STAIRDANCE
 10217 | D:9      | 10217 ||| INVOKING Heroism.
 10409 | Lair:1   | Found a basalt altar of Yredelemnul.
 10433 | Lair:1   | 10433 ||| Stepping ~*~*~tactically~*~*~ (stealth).
 10440 | Lair:1   | Reached skill level 9 in Invocations
 10441 | Lair:1   | Reached skill level 6 in Armour
 10444 | Lair:1   | Reached XP level 12. HP: 73/73 MP: 18/18
 10449 | Lair:1   | 10449 ||| Stepping ~*~*~tactically~*~*~ (stealth).
 10576 | Lair:1   | 10576 ||| RIP GAUNTLET
 10578 | Lair:1   | 10578 ||| PLANNING LAIR
 10578 | Lair:1   | 10578 ||| INVOKING Heroism.
 10625 | Lair:1   | 10625 ||| INVOKING Heroism.
 10627 | Lair:1   | 10627 ||| Stepping ~*~*~tactically~*~*~ (stealth).
 10629 | Lair:1   | 10629 ||| Stepping ~*~*~tactically~*~*~ (stealth).
 10647 | Lair:1   | 10647 ||| INVOKING Heroism.
 11137 | Lair:1   | 11137 ||| READING 2 scrolls labelled UNGUDA GUHAVET.
 11138 | Lair:1   | 11138 ||| DRINKING 2 grey potions.
 11139 | Lair:1   | 11139 ||| DROPPING scroll of blinking.
 11275 | Lair:2   | Reached skill level 9 in Fighting
 11285 | Lair:2   | Reached ****** piety under Okawaru
 11285 | Lair:2   | Identified the scarf "Buchiano" {repulsion, Rampage rF+
                  | Regen+} (Okawaru gifted it to you on level 2 of the Lair of
                  | Beasts)
 11285 | Lair:2   | Received a gift from Okawaru
 11405 | Lair:2   | Found a runed translucent door.
 11637 | Lair:2   | Noticed a death yak
 11638 | Lair:2   | 11638 ||| INVOKING Heroism.
 11639 | Lair:2   | 11639 ||| INVOKING Finesse.
 11644 | Lair:2   | Killed a death yak
 11775 | Lair:2   | Identified the +1 spear of Ugeovy {flame, Dex+3}
 11836 | Lair:2   | Reached skill level 12 in Axes
 12233 | Lair:2   | 12233 ||| UPGRADING to scarf "Buchiano" {repulsion, Rampage
                  | rF+ Regen+}.
 12243 | Lair:2   | 12243 ||| DROPPING +0 cloak.
 12263 | Lair:3   | Reached skill level 3 in Dodging
 12290 | Lair:3   | 12290 ||| INVOKING Heroism.
 12408 | Lair:3   | 12408 ||| INVOKING Heroism.
 12416 | Lair:3   | Noticed a skyshark
 12426 | Lair:3   | Killed a skyshark
 12427 | Lair:3   | Reached XP level 13. HP: 65/82 MP: 20/20
 12471 | Lair:3   | 12471 ||| INVOKING Heroism.
 12472 | Lair:3   | 12472 ||| INVOKING Finesse.
 12581 | Lair:3   | 12581 ||| Stepping ~*~*~tactically~*~*~ (hiding).
 12740 | Lair:3   | 12740 ||| INVOKING Heroism.
 12753 | Lair:3   | Found a staircase to the Shoals.
 12820 | Lair:3   | 12820 ||| INVOKING Heroism.
 12868 | Lair:3   | Found a hole to the Spider Nest.
 13021 | Lair:3   | 13021 ||| READING 2 scrolls of identify.
 13021 | Lair:3   | 13021 ||| IDENTIFYING coppery potion
 13022 | Lair:3   | 13022 ||| DROPPING potion of brilliance.
 13055 | Lair:4   | Identified the +1 pair of gloves of Okawaru's Grace {Fly
                  | Int+4 Dex-2 Stlth+} (Okawaru gifted it to you on level 4 of
                  | the Lair of Beasts)
 13055 | Lair:4   | Received a gift from Okawaru
 13056 | Lair:4   | 13056 ||| Stepping ~*~*~tactically~*~*~ (stealth).
 13092 | Lair:4   | 13092 ||| INVOKING Heroism.
 13138 | Lair:4   | 13138 ||| Stepping ~*~*~tactically~*~*~ (hiding).
 13139 | Lair:4   | 13139 ||| INVOKING Heroism.
 13140 | Lair:4   | 13140 ||| Stepping ~*~*~tactically~*~*~ (hiding).
 13141 | Lair:4   | 13141 ||| INVOKING Finesse.
 13143 | Lair:4   | 13143 ||| SWAPPING to +2 morningstar.
 13148 | Lair:4   | 13148 ||| Stepping ~*~*~tactically~*~*~ (outnumbered).
 13153 | Lair:4   | 13153 ||| SWAPPING to +2 spectral war axe.
 13160 | Lair:4   | Reached skill level 13 in Axes
 13229 | Lair:4   | 13229 ||| DRINKING potion of mutation.
 13229 | Lair:4   | Lost mutation: You are clumsy. (Dex -2) [potion of
                  | mutation]
 13229 | Lair:4   | Lost mutation: You are occasionally teleported next to
                  | monsters. [potion of mutation]
 13229 | Lair:4   | Gained mutation: Your spells are a little easier to cast,
                  | but a little less powerful. [potion of mutation]
 13229 | Lair:4   | Gained mutation: You have sharp toenails. [potion of
                  | mutation]
 13286 | Lair:4   | Noticed Josephine
 13287 | Lair:4   | 13287 ||| Stepping ~*~*~tactically~*~*~ (hiding).
 13291 | Lair:4   | 13291 ||| Stepping ~*~*~tactically~*~*~ (hiding).
 13292 | Lair:4   | 13292 ||| Stepping ~*~*~tactically~*~*~ (hiding).
 13293 | Lair:4   | 13293 ||| Stepping ~*~*~tactically~*~*~ (hiding).
 13300 | Lair:4   | Killed Josephine
 13343 | Lair:4   | 13343 ||| INVOKING Heroism.
 13449 | Lair:4   | 13449 ||| Stepping ~*~*~tactically~*~*~ (stealth).
 13450 | Lair:4   | 13450 ||| Stepping ~*~*~tactically~*~*~ (stealth).
 13451 | Lair:4   | 13451 ||| Stepping ~*~*~tactically~*~*~ (stealth).
 13452 | Lair:4   | 13452 ||| Stepping ~*~*~tactically~*~*~ (stealth).
 13689 | Lair:4   | 13689 ||| UPGRADING to +1 pair of gloves of Okawaru's Grace
                  | {Fly Int+4 Dex-2 Stlth+}.
 13694 | Lair:4   | 13694 ||| READING 2 scrolls labelled DIZAR CAWKEH.
 13695 | Lair:4   | 13695 ||| READING scroll labelled VOOMMA RYETA.
 13722 | Lair:5   | Entered Level 5 of the Lair of Beasts
 13729 | Lair:5   | 13729 ||| INVOKING Heroism.
 13809 | Lair:5   | Noticed Sonja
 13810 | Lair:5   | 13810 ||| INVOKING Heroism.
 13819 | Lair:5   | Killed Sonja
 13840 | Lair:5   | 13840 ||| Stepping ~*~*~tactically~*~*~ (hiding).
 14002 | Lair:5   | Found a runed translucent door.
 14002 | Lair:5   | Found a viscous altar of Jiyva.
 14002 | Lair:5   | Found a staircase to the Slime Pits.
 14055 | Lair:5   | 14055 ||| Stepping ~*~*~tactically~*~*~ (hiding).
 14061 | Lair:5   | 14061 ||| INVOKING Heroism.
 14081 | Lair:5   | 14081 ||| Stepping ~*~*~tactically~*~*~ (hiding).
 14086 | Lair:5   | 14086 ||| SWAPPING to +2 morningstar.
 14087 | Lair:5   | 14087 ||| INVOKING Finesse.
 14097 | Lair:5   | Reached skill level 14 in Axes
 14097 | Lair:5   | 14097 ||| SWAPPING to +2 spectral war axe.
 14139 | Lair:5   | 14139 ||| INVOKING Heroism.
 14144 | Lair:5   | 14144 ||| SWAPPING to +2 morningstar.
 14164 | Lair:5   | 14164 ||| SWAPPING to +2 spectral war axe.
 14207 | Lair:5   | 14207 ||| Stepping ~*~*~tactically~*~*~ (stealth).
 14209 | Lair:5   | 14209 ||| INVOKING Heroism.
 14210 | Lair:5   | 14210 ||| Stepping ~*~*~tactically~*~*~ (hiding).
 14222 | Lair:5   | Gained mutation: Your large and strong wings let you fly.
                  | [Gargoyle growth]
 14222 | Lair:5   | Reached XP level 14. HP: 88/88 MP: 21/21
 14249 | Lair:5   | Found a large runed translucent door.
 14249 | Lair:5   | Found a large runed translucent door.
 14250 | Lair:5   | Noticed Snorg
 14253 | Lair:5   | 14253 ||| Stepping ~*~*~tactically~*~*~ (hiding).
 14262 | Lair:5   | 14262 ||| INVOKING Heroism.
 14272 | Lair:5   | 14272 ||| Stepping ~*~*~tactically~*~*~ (stealth).
 14273 | Lair:5   | 14273 ||| Stepping ~*~*~tactically~*~*~ (hiding).
 14274 | Lair:5   | 14274 ||| Stepping ~*~*~tactically~*~*~ (hiding).
 14277 | Lair:5   | 14277 ||| INVOKING Finesse.
 14281 | Lair:5   | 14281 ||| Stepping ~*~*~tactically~*~*~ (hiding).
 14283 | Lair:5   | 14283 ||| Stepping ~*~*~tactically~*~*~ (hiding).
 14285 | Lair:5   | 14285 ||| SWAPPING to +2 morningstar.
 14294 | Lair:5   | 14294 ||| SWAPPING to +2 spectral war axe.
 14458 | Lair:5   | 14458 ||| Stepping ~*~*~tactically~*~*~ (stealth).
 14745 | Lair:5   | 14745 ||| STAIRDANCE
 14765 | Lair:5   | 14765 ||| STAIRDANCE
 14767 | Lair:4   | 14767 ||| INVOKING Heroism.
 14773 | Lair:4   | Reached skill level 12 in Shields
 14990 | Lair:5   | Received a gift from Okawaru
 15158 | Lair:5   | 15158 ||| PLANNING D:1-11
 15158 | Lair:5   | 15158 ||| READING 2 scrolls of identify.
 15158 | Lair:5   | 15158 ||| IDENTIFYING blue potion
 15159 | Lair:5   | 15159 ||| DROPPING potion of berserk rage.
 15256 | D:10     | Entered Level 10 of the Dungeon
 15301 | D:10     | Found Taset's Lightly-Used Armoury.
 15320 | D:10     | Identified the +2 arbalest of Sin {drain, rElec Str+6}
 15696 | D:10     | 15696 ||| Stepping ~*~*~tactically~*~*~ (hiding).
 15758 | D:10     | 15758 ||| DRINKING 3 potions of curing.
 15758 | D:10     | 15758 ||| (to cure confusion)
 16000 | D:10     | Found a snail-covered altar of Cheibriados.
 16106 | D:10     | 16106 ||| Stepping ~*~*~tactically~*~*~ (stealth).
 16213 | D:10     | 16213 ||| DROPPING +6 ring of intelligence.
 16273 | D:11     | 16273 ||| FLEEEEING.
 16274 | D:11     | 16274 ||| FLEEEEING.
 16276 | D:11     | 16276 ||| FLEEEEING.
 16277 | D:11     | 16277 ||| FLEEEEING.
 16278 | D:11     | 16278 ||| FLEEEEING.
 16279 | D:11     | 16279 ||| FLEEEEING.
 16280 | D:11     | 16280 ||| FLEEEEING.
 16281 | D:11     | 16281 ||| FLEEEEING.
 16282 | D:11     | 16282 ||| STAIRDANCE
 16388 | D:11     | Noticed Erica
 16389 | D:11     | 16389 ||| INVOKING Heroism.
 16390 | D:11     | 16390 ||| INVOKING Finesse.
 16397 | D:11     | Received a gift from Okawaru
 16401 | D:11     | Killed Erica
 16666 | D:11     | 16666 ||| PLANNING D
 16704 | D:12     | 16704 ||| FLEEEEING.
 16705 | D:12     | 16705 ||| FLEEEEING.
 16706 | D:12     | 16706 ||| FLEEEEING.
 16723 | D:12     | 16723 ||| INVOKING Heroism.
 16724 | D:12     | 16724 ||| INVOKING Finesse.
 16727 | D:12     | Noticed Azrael
 16746 | D:12     | HP: 15/90 [Azrael/+3 scimitar of flaming (10)]
 16747 | D:12     | 16747 ||| READING 6 scrolls of teleportation.
 16748 | D:12     | 16748 ||| DRINKING 2 potions of heal wounds.
 16749 | D:12     | HP: 7/90 [cyclops/large rock (21)]
 16750 | D:12     | 16750 ||| DRINKING potion of heal wounds.
 16752 | D:12     | Received a gift from Okawaru
 16826 | D:12     | Noticed Erolcha
 16827 | D:12     | 16827 ||| Stepping ~*~*~tactically~*~*~ (stealth).
 16828 | D:12     | 16828 ||| Stepping ~*~*~tactically~*~*~ (stealth).
 16829 | D:12     | 16829 ||| Stepping ~*~*~tactically~*~*~ (stealth).
 16842 | D:12     | Reached skill level 15 in Axes
 16973 | D:12     | 16973 ||| READING scroll of enchant weapon.
 16973 | D:12     | 16973 ||| ENCHANTING +2 spectral war axe.
 17053 | D:12     | 17053 ||| Stepping ~*~*~tactically~*~*~ (hiding).
 17056 | D:12     | 17056 ||| Stepping ~*~*~tactically~*~*~ (hiding).
 17057 | D:12     | 17057 ||| Stepping ~*~*~tactically~*~*~ (hiding).
 17059 | D:12     | 17059 ||| INVOKING Heroism.
 17060 | D:12     | 17060 ||| INVOKING Finesse.
 17070 | D:12     | Killed Azrael
 17131 | D:12     | Identified the +5 double sword of the Wasp {venom, rN+++
                  | MP+9 Str-5 Dex-3} (Okawaru gifted it to you on level 12 of
                  | the Dungeon)
 17131 | D:12     | Received a gift from Okawaru
 17320 | D:12     | 17320 ||| INVOKING Heroism.
 17321 | D:12     | 17321 ||| INVOKING Finesse.
 17327 | D:12     | Killed Erolcha
 17328 | D:12     | Reached skill level 9 in Armour
 17345 | D:12     | 17345 ||| Stepping ~*~*~tactically~*~*~ (stealth).
 17556 | D:12     | 17556 ||| DROPPING +1 cloak.
 17557 | D:12     | 17557 ||| READING 3 scrolls of identify.
 17557 | D:12     | 17557 ||| IDENTIFYING sapphire potion
 17558 | D:12     | 17558 ||| DRINKING potion of experience.
 17558 | D:12     | Reached skill level 12 in Fighting
 17558 | D:12     | Reached XP level 15. HP: 97/97 MP: 22/22
 17559 | D:12     | 17559 ||| READING 2 scrolls of identify.
 17559 | D:12     | 17559 ||| IDENTIFYING amethyst potion
 17574 | D:13     | 17574 ||| STAIRDANCE
 17577 | D:12     | 17577 ||| INVOKING Heroism.
 17626 | D:13     | 17626 ||| Stepping ~*~*~tactically~*~*~ (stealth).
 17627 | D:13     | 17627 ||| Stepping ~*~*~tactically~*~*~ (stealth).
 17631 | D:13     | 17631 ||| INVOKING Heroism.
 17633 | D:13     | 17633 ||| READING 5 scrolls of teleportation.
 17671 | D:13     | 17671 ||| INVOKING Heroism.
 17672 | D:13     | 17672 ||| READING 4 scrolls of teleportation.
 17708 | D:13     | 17708 ||| Stepping ~*~*~tactically~*~*~ (stealth).
 17710 | D:13     | 17710 ||| Stepping ~*~*~tactically~*~*~ (stealth).
 17941 | D:13     | Found a gate to the Vaults.
 17942 | D:13     | 17942 ||| INVOKING Heroism.
 17963 | D:13     | Reached XP level 16. HP: 103/103 MP: 23/23
 18213 | D:13     | Found a hazy altar of Hepliaklqana.
 18304 | D:13     | 18304 ||| Stepping ~*~*~tactically~*~*~ (hiding).
 18318 | D:13     | 18318 ||| INVOKING Heroism.
 18648 | D:13     | 18648 ||| UPGRADING to +0 plate armour.
 18658 | D:13     | 18658 ||| DROPPING +0 chain mail.
 18659 | D:13     | 18659 ||| READING 2 scrolls of enchant armour.
 18659 | D:13     | 18659 ||| ENCHANTING +0 plate armour.
 18660 | D:13     | 18660 ||| DROPPING +2 scale mail of cold resistance.
 18661 | D:13     | 18661 ||| READING scroll of enchant armour.
 18661 | D:13     | 18661 ||| ENCHANTING +1 plate armour.
 18662 | D:13     | 18662 ||| READING 2 scrolls of identify.
 18662 | D:13     | 18662 ||| IDENTIFYING sedimented puce potion
 18663 | D:13     | 18663 ||| DROPPING potion of invisibility.
 18702 | D:14     | 18702 ||| Stepping ~*~*~tactically~*~*~ (hiding).
 18776 | D:14     | 18776 ||| Stepping ~*~*~tactically~*~*~ (hiding).
 18922 | D:14     | 18922 ||| Stepping ~*~*~tactically~*~*~ (hiding).
 19123 | D:14     | 19123 ||| Stepping ~*~*~tactically~*~*~ (stealth).
 19131 | D:14     | Received a gift from Okawaru
 19204 | D:14     | Reached skill level 16 in Axes
 19393 | D:14     | 19393 ||| FLEEEEING.
 19394 | D:14     | 19394 ||| FLEEEEING.
 19395 | D:14     | 19395 ||| FLEEEEING.
 19441 | D:14     | 19441 ||| INVOKING Heroism.
 19608 | D:14     | 19608 ||| INVOKING Heroism.
 19609 | D:14     | 19609 ||| INVOKING Finesse.
 19612 | D:14     | 19612 ||| SWAPPING to +2 morningstar.
 19620 | D:14     | 19620 ||| SWAPPING to +3 spectral war axe.
 19818 | D:14     | 19818 ||| READING scroll labelled OQONUE BUYBRUG.
 19877 | D:15     | Entered Level 15 of the Dungeon
 19884 | D:15     | 19884 ||| INVOKING Heroism.
 19897 | D:15     | 19897 ||| Stepping ~*~*~tactically~*~*~ (hiding).
 19901 | D:15     | 19901 ||| INVOKING Heroism.
 19914 | D:15     | 19914 ||| Stepping ~*~*~tactically~*~*~ (hiding).
 19942 | D:15     | 19942 ||| INVOKING Heroism.
 19994 | D:15     | Noticed Uwkoecio's ghost (journeyman HOFi)
 19996 | D:15     | Noticed a sphinx
 20003 | D:15     | Found a runed translucent gate.
 20003 | D:15     | Found a runed translucent gate.
 20004 | D:15     | Found a runed translucent gate.
 20012 | D:15     | 20012 ||| Stepping ~*~*~tactically~*~*~ (hiding).
 20022 | D:15     | 20022 ||| INVOKING Heroism.
 20066 | D:15     | 20066 ||| FLEEEEING.
 20067 | D:15     | 20067 ||| FLEEEEING.
 20068 | D:15     | 20068 ||| FLEEEEING.
 20107 | D:15     | 20107 ||| INVOKING Heroism.
 20118 | D:15     | 20118 ||| FLEEEEING.
 20119 | D:15     | 20119 ||| FLEEEEING.
 20120 | D:15     | 20120 ||| FLEEEEING.
 20137 | D:15     | 20137 ||| INVOKING Heroism.
 20315 | D:15     | 20315 ||| INVOKING Heroism.
 20324 | D:15     | 20324 ||| Stepping ~*~*~tactically~*~*~ (hiding).
 20325 | D:15     | 20325 ||| Stepping ~*~*~tactically~*~*~ (hiding).
 20327 | D:15     | 20327 ||| Stepping ~*~*~tactically~*~*~ (hiding).
 20331 | D:15     | Identified the +2 war axe "Qyushifu" {heavy, rF+ Str+4
                  | Stlth-} (Okawaru gifted it to you on level 15 of the
                  | Dungeon)
 20331 | D:15     | Received a gift from Okawaru
 20396 | D:15     | Found a staircase to the Depths.
 20397 | D:15     | 20397 ||| Stepping ~*~*~tactically~*~*~ (stealth).
 20398 | D:15     | 20398 ||| Stepping ~*~*~tactically~*~*~ (stealth).
 20453 | D:15     | Reached skill level 12 in Armour
 20469 | D:15     | 20469 ||| INVOKING Heroism.
 20551 | D:15     | Found a frozen archway.
 20563 | D:15     | 20563 ||| INVOKING Heroism.
 20570 | D:15     | 20570 ||| FLEEEEING.
 20573 | D:15     | 20573 ||| FLEEEEING.
 20574 | D:15     | 20574 ||| FLEEEEING.
 20575 | D:15     | 20575 ||| FLEEEEING.
 20576 | D:15     | 20576 ||| FLEEEEING.
 20577 | D:15     | 20577 ||| FLEEEEING.
 20578 | D:15     | 20578 ||| FLEEEEING.
 20579 | D:15     | 20579 ||| FLEEEEING.
 20580 | D:15     | 20580 ||| FLEEEEING.
 20581 | D:15     | 20581 ||| FLEEEEING.
 20582 | D:15     | 20582 ||| FLEEEEING.
 20583 | D:15     | 20583 ||| FLEEEEING.
 20584 | D:15     | 20584 ||| FLEEEEING.
 20585 | D:15     | 20585 ||| FLEEEEING.
 20586 | D:15     | 20586 ||| FLEEEEING.
 20587 | D:15     | 20587 ||| FLEEEEING.
 20588 | D:15     | 20588 ||| FLEEEEING.
 20589 | D:15     | 20589 ||| STAIRDANCE
 20632 | D:14     | 20632 ||| READING scroll labelled HIESYT HYQAIPS.
 20661 | D:15     | Identified the +7 chain mail of Privacy {Int+3 SInv}
                  | (Okawaru gifted it to you on level 15 of the Dungeon)
 20661 | D:15     | Received a gift from Okawaru
 20691 | D:15     | 20691 ||| INVOKING Heroism.
 20777 | D:15     | 20777 ||| Stepping ~*~*~tactically~*~*~ (stealth).
 20802 | D:15     | 20802 ||| Stepping ~*~*~tactically~*~*~ (stealth).
 20809 | D:15     | 20809 ||| Stepping ~*~*~tactically~*~*~ (stealth).
 20811 | D:15     | 20811 ||| Stepping ~*~*~tactically~*~*~ (stealth).
 20817 | D:15     | 20817 ||| Stepping ~*~*~tactically~*~*~ (stealth).
 20819 | D:15     | Found a sacrificial altar of Ru.
 20820 | D:15     | 20820 ||| Stepping ~*~*~tactically~*~*~ (stealth).
 20822 | D:15     | 20822 ||| INVOKING Heroism.
 20859 | D:15     | Reached XP level 17. HP: 101/111 MP: 24/24
 20868 | D:15     | 20868 ||| INVOKING Heroism.
 21081 | D:15     | 21081 ||| PLANNING ORC
 21081 | D:15     | 21081 ||| UPGRADING to +7 chain mail of Privacy {Int+3
                  | SInv}.
 21091 | D:15     | 21091 ||| DROPPING +2 plate armour.
 21256 | Orc:1    | Entered Level 1 of the Orcish Mines
 21293 | Orc:1    | Found Dofrin's General Store.
 21314 | Orc:2    | Entered Level 2 of the Orcish Mines
 21324 | Orc:2    | 21324 ||| Stepping ~*~*~tactically~*~*~ (stealth).
 21385 | Orc:1    | 21385 ||| Stepping ~*~*~tactically~*~*~ (hiding).
 21390 | Orc:1    | 21390 ||| INVOKING Heroism.
 21391 | Orc:1    | 21391 ||| INVOKING Finesse.
 21395 | Orc:1    | 21395 ||| Stepping ~*~*~tactically~*~*~ (hiding).
 21435 | Orc:1    | Noticed Fannar
 21448 | Orc:1    | Killed Fannar
 21560 | Orc:1    | 21560 ||| Stepping ~*~*~tactically~*~*~ (hiding).
 22123 | Orc:2    | Found Ramilem's Book Boutique.
 22164 | Orc:2    | Found a staircase to the Elven Halls.
 22381 | Orc:2    | Found Paolautt's Jewellery Emporium.
 22404 | Orc:2    | 22404 ||| BUYING +6 ring of strength (432 gold).
 22404 | Orc:2    | Bought a +6 ring of strength for 432 gold pieces
 22404 | Orc:2    | 22404 ||| BUYING ring "Neashrol" {Wiz rF+++ rC- SInv} (830
                  | gold).
 22404 | Orc:2    | Bought the ring "Neashrol" {Wiz rF+++ rC- SInv} for 830
                  | gold pieces
 22404 | Orc:2    | 22404 ||| BUYING ring of resist corrosion (240 gold).
 22404 | Orc:2    | Bought a ring of resist corrosion for 240 gold pieces
 22404 | Orc:2    | 22404 ||| BUYING ring of see invisible (180 gold).
 22404 | Orc:2    | Bought a ring of see invisible for 180 gold pieces
 22550 | Orc:2    | 22550 ||| INVOKING Heroism.
 22552 | Orc:2    | Noticed Saint Roka
 22558 | Orc:2    | HP: 27/112 [orc warrior/+0 war axe (10)]
 22558 | Orc:2    | HP: 10/112 [orc priest/divine providence[Saint Roka] (12)]
 22558 | Orc:2    | Killed from afar by a smoke demon

Levels and vault maps discovered:
D:1:      lightli_iron_boxes, layout_loops_cross
D:2:      layout_basic
D:3:      layout_basic
D:4:      layout_loops_ring, uniq_grinder
D:5:      layout_loops_ring, minmay_temple_entry_slanted, gammafunk_ghost_smash,
          serial_shops, nicolae_shop_advertising_works
          [nicolae_subvault_shop_adworks], glass_columns_a, grunt_ministairs_3
D:6:      gammafunk_wand_slinger, layout_basic, mainiacjoe_overflow_alcove_2,
          uniq_sigmund
D:7:      minmay_the_grid_plus [minmay_the_grid_odd_star,
          minmay_the_grid_expand, minmay_the_grid_stretched_grid,
          minmay_the_grid_dragon_a, minmay_the_grid_prize_shrinking_boxes],
          layout_loops_corners, mainiacjoe_overflow_catwalk
D:8:      layout_basic, uniq_pikel
D:9:      layout_roguey [special_room_bee], david_lair_shrubbed,
          zombieorc2_lemuel
D:10:     layout_basic, kennysheep_slug_shrine, minmay_shop_damaged
D:11:     layout_big_octagon, uniq_erica
D:12:     layout_irregular_city, nicolae_underground_beach, uniq_erolcha,
          uniq_azrael
D:13:     layout_irregular_city, lightli_vaults_fourway_checkpoint,
          minmay_variable_closet, nzn_hepliaklqana_mist_gate
D:14:     layout_loops_ring, infiniplex_staircase_pillars_1
D:15:     grunt_enter_depths_magical_seal, layout_rooms,
          nicolae_ru_sacrificial_ziggurat, gammafunk_ghost_split,
          portal_ice_cave_entry_ice_simulacra, hangedman_glass_garden
Temple:   compressed_dpeg_triangle_lava_temple
Lair:1:   layout_regular_city, basic_altar, gauntlet_entry_generic,
          infiniplex_staircase_pool_2, grunt_megastairs_2
Lair:2:   dreamdust_labyrinth, layout_cave_pods
Lair:3:   layout_hall_layers, minmay_shoals_entry_centaurs, spider_nest_entry_a
Lair:4:   layout_misc_corridors, lemuel_fruit_tree, grunt_megastairs_4,
          uniq_josephine
Lair:5:   cheibrodos_lair_end_hotspot, layout_gridlike, slime_entry_2,
          uniq_snorg, uniq_sonja
Orc:1:    layout_caves, serial_shops, nicolae_shop_crystal, bh_open_orc_temple,
          uniq_fannar
Orc:2:    grunt_orc_community_town_hall, layout_diamond_mine,
          grunt_orc_community_big_house_1, grunt_orc_community_big_house_1,
          grunt_orc_community_house_3, grunt_orc_community_house_1,
          grunt_orc_community_house_2, grunt_orc_community_house_1,
          grunt_orc_community_house_2, grunt_orc_community_house_1

Skill      XL: |  1  2  3  4  5  6  7  8  9 10 11 12 13 14 15 16 17 |
---------------+----------------------------------------------------+-----
Axes           | 2 3 4 5 6 7 8 10 11 12 14 15 16 | 16.0
Dodging        | 1 2 3 4 5 |  5.0
Shields        | 6 7 8 9 10 11 12 13 14 | 14.0
Fighting       | 4 5 6 7 8 10 12 14 | 14.6
Invocations    | 4 5 9 10 | 10.0
Armour         | 4 5 6 8 9 12 | 12.0
Throwing       | 3 5 |  5.8

Action                     |  1- 3 |  4- 6 |  7- 9 | 10-12 | 13-15 | 16-18 || total
---------------------------+-------+-------+-------+-------+-------+-------++-------
  Melee: War axe           |   108 |    94 |   243 |   477 |   545 |   649 ||  2116
         Morningstar       |       |       |       |       |    43 |     7 ||    50
  Throw: Boomerang         |       |     8 |       |       |    40 |    32 ||    80
         Javelin           |       |       |       |    49 |    11 |       ||    60
 Invoke: Heroism           |       |       |     9 |    22 |    21 |    17 ||    69
         Finesse           |       |       |       |     1 |     8 |     2 ||    11
    Use: Scroll            |     5 |     4 |     4 |     7 |    10 |     5 ||    35
         Potion            |     1 |     1 |     1 |     4 |     5 |       ||    12
   Stab: Distracted        |       |       |       |     5 |    17 |    11 ||    33
 Armour: Scale mail        |    50 |    27 |       |       |       |       ||    77
         Chain mail        |       |    31 |   128 |   267 |   197 |    49 ||   672
         Plate armour      |       |       |       |       |       |   165 ||   165
  Dodge: Dodged            |    34 |    33 |    82 |   203 |   107 |   112 ||   571
         Repelled          |       |       |       |       |     4 |     2 ||     6
  Block: Buckler           |    22 |     7 |       |       |       |       ||    29
         Kite shield       |       |    35 |   128 |   307 |   217 |   259 ||   946

Table legend:
 A = Non-vault XP
 B = Vault XP
 C = Vault XP percentage of total XP
 D = Non-vault monster count
 E = Vault monster count
 F = Vault count percentage of total count
                 A         B        C        D         E       F
            +---------+---------+-------+---------+---------+-------
      Total |  107965 |   46076 |  29.9 |     521 |     233 |  30.9
            +---------+---------+-------+---------+---------+-------
        D:1 |      42 |       0 |   0.0 |      22 |       0 |   0.0
        D:2 |      26 |       0 |   0.0 |      10 |       0 |   0.0
        D:3 |     107 |       0 |   0.0 |      14 |       0 |   0.0
        D:4 |      91 |     286 |  75.9 |      16 |       1 |   5.9
        D:5 |     827 |     239 |  22.4 |      18 |       2 |  10.0
        D:6 |    1089 |     239 |  18.0 |      20 |       1 |   4.8
        D:7 |    1299 |    1704 |  56.7 |      30 |      14 |  31.8
        D:8 |    2553 |     617 |  19.5 |      30 |       1 |   3.2
        D:9 |    2629 |    2967 |  53.0 |      39 |      64 |  62.1
       D:10 |    4504 |       4 |   0.1 |      22 |       1 |   4.3
       D:11 |    1957 |     831 |  29.8 |      12 |       1 |   7.7
       D:12 |    6099 |    4032 |  39.8 |      17 |      14 |  45.2
       D:13 |    6522 |    7315 |  52.9 |      16 |      12 |  42.9
       D:14 |   14183 |       0 |   0.0 |      33 |       0 |   0.0
       D:15 |   27043 |    7546 |  21.8 |      55 |      17 |  23.6
     Lair:1 |    6705 |    1978 |  22.8 |      28 |       9 |  24.3
     Lair:2 |    4891 |       0 |   0.0 |      23 |       0 |   0.0
     Lair:3 |    7722 |     523 |   6.3 |      25 |       4 |  13.8
     Lair:4 |    4616 |    3302 |  41.7 |      14 |      12 |  46.2
     Lair:5 |   10321 |    9011 |  46.6 |      29 |      24 |  45.3
      Orc:1 |    2772 |    1973 |  41.6 |      28 |       5 |  15.2
      Orc:2 |    1967 |    3509 |  64.1 |      20 |      51 |  71.8
            +---------+---------+-------+---------+---------+-------
